 Dungeon Crawl Stone Soup version 0.23.2-33-g5129a83184 (webtiles) character file.

Game seed: 5036791057891791735

72 Gwenloh the Insei (level 4, -2/28 HPs)
             Began as an Octopode Transmuter on July 19, 2019.
             Killed from afar by Jessica (8 damage)
             ... with a wand of flame (5)
             ... on level 2 of the Dungeon.
             The game lasted 00:10:35 (2111 turns).

Gwenloh the Insei (Octopode Transmuter)             Turns: 2111, Time: 00:10:36

Health: -2/28      AC:  1    Str:  9    XL:     4   Next: 25%
Magic:  1/7        EV: 13    Int: 20    God:
Gold:   141        SH:  0    Dex: 13    Spells: 1/7 levels left

rFire    . . .     SeeInvis .     - Unarmed
rCold    . . .     Gourm    .   (no shield)
rNeg     . . .     Faith    .   (helmet restricted)
rPois    .         Spirit   .   (no amulet)
rElec    .         Reflect  .   h - +5 ring of intelligence
rCorr    .         Harm     .   (no ring)
MR       .....                  (no ring)
Stlth    +++.......             (no ring)
HPRegen  0.09/turn              (no ring)
MPRegen  0.10/turn              (no ring)
                                (no ring)
                                (no ring)

@: appendage
A: almost no armour, stealthy swim, amphibious, 8 rings, constrict 8, tentacle
spike 3, camouflage 1, gelatinous body 1
a: End Transformation


You were on level 2 of the Dungeon.
You were not hungry.
One of your tentacles had a temporary spike.
You visited 1 branch of the dungeon, and saw 2 of its levels.

You collected 141 gold pieces.

Inventory:

Hand Weapons
 i - a +0 hunting sling
Missiles
 a - 20 arrows
 d - 13 stones (quivered)
 e - 24 sling bullets
Armour
 f - a +0 buckler
Jewellery
 h - a +5 ring of intelligence (left tentacle)
Scrolls
 g - a scroll of enchant weapon {unknown}
 l - a scroll of enchant armour {unknown}
Potions
 j - a potion of curing {unknown}
Comestibles
 c - 4 rations


   Skills:
 - Level 1.0 Fighting
 + Level 2.3 Dodging
 + Level 1.6 Stealth
 + Level 0.9 Shields
 * Level 3.6 Unarmed Combat
 - Level 2.0 Spellcasting
 + Level 3.0 Transmutations
 + Level 0.0 Poison Magic


You had one spell level left.
You knew the following spells:

 Your Spells              Type           Power        Failure   Level  Hunger
a - Beastly Appendage     Tmut           ##....       4%          1    #......
b - Sticks to Snakes      Tmut           ##......     7%          2    ##.....
c - Spider Form           Tmut/Pois      #.........   26%         3    ###....

Your spell library contained the following spells:

 Spells                   Type           Power        Failure   Level  Hunger
 Ice Form                 Ice/Tmut       #.......     63%         4    #####..
 Blade Hands              Tmut           ##........   77%         5    ######.


Dungeon Overview and Level Annotations

Branches:
Dungeon (2/15)

Altars:

Annotations:
D:2 Jessica


Innate Abilities, Weirdness & Mutations

You cannot wear most types of armour.
You are very stealthy in the water. (Stealth+)
You are amphibious.
You can wear up to eight rings at the same time.
You can use your tentacles to constrict eight enemies at once.
Your skin changes colour to match your surroundings (Stealth+).
Your rubbery body absorbs attacks. (AC +1, EV +1)
One of your tentacles bears a large vicious spike.


Message History

Confirm with . or Enter, or press ? or * to list all spells.
One of your tentacles grows a vicious spike.
Jessica hits you with a +0 dagger. The jackal barely misses you.
Jessica hits you with a +0 dagger.
Casting: Beastly Appendage (safe; 4% risk of failure)
Confirm with . or Enter, or press ? or * to list all spells.
You create a snake!
You now have 20 arrows.
The jackal barely misses you. The jackal completely misses you.
Jessica hits you with a +0 dagger. The jackal bites you.
You barely miss the jackal. Your grab misses the jackal.
The jackal is heavily wounded.
The jackal bites you but does no damage.
Jessica zaps a wand.
The puff of flame hits you.
* * * LOW HITPOINT WARNING * * *
The jackal barely misses you. The jackal bites you.
* * * LOW HITPOINT WARNING * * *
Your ball python barely misses the jackal.
Your ball python closely misses the jackal.
Jessica zaps a wand.
The puff of flame hits you!
You die...

#...##'##......# #......
#.#............###......
#.#......#.....##.......
#####.#####.................
#.....#####..#..#####.......
###.#.......S...# .........
#.#.#...@hh...# ########..
#.#.#.###.....# #........#
#.#.#.# #@##..# #........#
#.#.#.# #.##..# #.######..
#.#.#.# #.....# #......#..
#.#.#.# #...### #.####.#.P
#.#.#.# #.....#.#.####.#..
#.#.#.# #.#...#........#..
#.#.#.# #.#...#..........P
#.#.#.###.#...#..........P
#.#.#.#.......#...........


You could see Jessica, 2 jackals and a friendly ball python.

Vanquished Creatures
  2 gnolls
  A worm (D:2)
  3 leopard geckos (D:2)
  6 giant cockroaches
  4 goblins
  4 hobgoblins
  5 jackals (D:2)
  4 bats
  4 frilled lizards (D:1)
  5 kobolds
  A rat (D:2)
39 creatures vanquished.

Vanquished Creatures (collateral kills)
  2 worms
2 creatures vanquished.

Grand Total: 41 creatures vanquished

Notes
Turn   | Place    | Note
-------+----------+-------------------------------------------
     0 | D:1      | Gwenloh the Octopode Transmuter began the quest for the
                  | Orb.
     0 | D:1      | Reached XP level 1. HP: 13/13 MP: 3/3
     2 | D:1      | Noticed a vine stalker
     2 | D:1      | Noticed a dwarf
     4 | D:1      | Noticed a tengu
     4 | D:1      | Noticed an ogre
     6 | D:1      | Noticed a merfolk
     6 | D:1      | Noticed an elf
     8 | D:1      | Noticed a draconian
     8 | D:1      | Noticed a gargoyle
    10 | D:1      | Noticed a vampire
    10 | D:1      | Noticed a minotaur
    12 | D:1      | Noticed a halfling
    14 | D:1      | Noticed a ghoul
    14 | D:1      | Noticed a formicid
    16 | D:1      | Noticed a troll
    16 | D:1      | Noticed an octopode
    18 | D:1      | Noticed a demigod
    22 | D:1      | Noticed a naga
    22 | D:1      | Noticed a spriggan
    24 | D:1      | Noticed a demonspawn
    24 | D:1      | Noticed a centaur
    26 | D:1      | Noticed a human
    26 | D:1      | Noticed a felid
   434 | D:1      | Reached XP level 2. HP: 18/18 MP: 3/5
   441 | D:1      | Learned a level 2 spell: Sticks to Snakes
  1008 | D:2      | Reached skill level 1 in Stealth
  1058 | D:2      | Reached XP level 3. HP: 21/23 MP: 6/6
  1785 | D:2      | Reached XP level 4. HP: 25/28 MP: 3/7
  1793 | D:2      | Learned a level 3 spell: Spider Form
  2091 | D:2      | Noticed Jessica
  2111 | D:2      | Killed from afar by Jessica

Skill      XL: |  1  2  3 |
---------------+----------+-----
Stealth        | 1 |  1.6
Transmutations | 3 |  3.0
Fighting       | |  1.0
Dodging        | |  2.3
Shields        | |  0.9
Unarmed Combat | |  3.6
Spellcasting   | |  2.0

Action                   |  1- 3 |  4- 6 || total
-------------------------+-------+-------++-------
Melee: Unarmed           |    67 |    15 ||    82
       Constrict         |    18 |     3 ||    21
       Kick              |    19 |     3 ||    22
       Tentacles         |    12 |     3 ||    15
       Punch             |     1 |       ||     1
Throw: Stone             |     1 |     2 ||     3
 Cast: Beastly Appendage |    24 |     3 ||    27
       Sticks to Snakes  |     2 |     5 ||     7
  Use: Scroll            |     2 |       ||     2
 Stab: Sleeping          |     5 |     1 ||     6
  Eat: Chunk             |     3 |     1 ||     4
Armor: Skin              |     6 |     5 ||    11
Dodge: Dodged            |    47 |    23 ||    70
